 Dungeon Crawl Stone Soup version 0.31-a0-845-g9abc20d24f (webtiles) character file.

Game seed: 13552802399463858992

114 arglypuff the Ducker (level 5, -4/36 HPs)
             Began as a Djinni Hedge Wizard on Oct 1, 2023.
             Slain by an iguana (12 damage)
             ... on level 4 of the Dungeon.
             The game lasted 00:03:30 (2073 turns).

arglypuff the Ducker (Djinni Hedge Wizard)          Turns: 2073, Time: 00:03:30

Health: -4/36      AC:  2    Str:  9    XL:     5   Next: 18%
Gold:   141        EV: 13    Int: 18    God:
                   SH:  0    Dex: 12

rFire   + + .        a - +0 dagger
rCold   x . .        (no shield)
rNeg    . . .        b - +0 robe
rPois   ∞            c - +0 hat
rElec   .            (no cloak)
rCorr   .            (no gloves)
SInv    .            (boots unavailable)
Will    .....        (no amulet)
Stlth   ++           (no ring)
HPRegen 0.26/turn    (no ring)
MPRegen 0.00/turn

%: infuse magic (-5 HP)
@: flying, very slightly contaminated
A: sickness immunity, fire resistance 2, cold vulnerability 1, float, innate
caster, HP casting, extra vitality 1
a: no special abilities


You were on level 4 of the Dungeon.
You visited 1 branch of the dungeon, and saw 4 of its levels.

You collected 141 gold pieces.

Inventory:

Hand Weapons
 a - a +0 dagger (weapon)
Armour
 b - a +0 robe (worn)
 c - a +0 hat (worn)
Jewellery
 e - an amulet of the acrobat
 h - an amulet of regeneration
 m - an amulet of faith
Scrolls
 d - a scroll of identify {unknown}
 f - a scroll of enchant armour {unknown}
 j - 2 scrolls of revelation {unknown}
 k - a scroll of noise {unknown}
 l - 2 scrolls of immolation {unknown}
Potions
 g - a potion of ambrosia {unknown}
 i - a potion of curing {unknown}
 n - a potion of invisibility {unknown}
 o - a potion of might {unknown}


   Skills:
 + Level 0.4 Fighting
 + Level 1.2 Short Blades
 + Level 3.4 Dodging
 + Level 2.6 Stealth
 + Level 3.1 Spellcasting
 + Level 3.1 Conjurations
 + Level 3.1 Hexes
 + Level 3.1 Summonings
 + Level 3.1 Necromancy
 + Level 3.1 Translocations
 + Level 3.1 Transmutations
 + Level 3.1 Fire Magic
 + Level 3.1 Ice Magic
 + Level 3.1 Air Magic
 + Level 3.1 Earth Magic
 + Level 3.1 Poison Magic


You knew the following spells:

 Your Spells              Type           Power      Damage    Failure   Level
a - Magic Dart            Conj           56%        1d5       4%          1
b - Slow                  Hex            56%        N/A       4%          1
c - Blink                 Tloc           28%        N/A       7%          2
d - Call Imp              Summ           28%        N/A       7%          2
e - Mephitic Cloud        Conj/Pois/Air  14%        N/A       13%         3
f - Shock                 Conj/Air       56%        1d6       4%          1
g - Poisonous Vapours     Pois/Air       28%        N/A       7%          2
Your spell library was empty.

Dungeon Overview and Level Annotations

Branches:
Dungeon (4/15)
 Temple: D:4-7

Altars:

Shops:
D:2 :

Annotations:
D:2 Sigmund
D:3 Grinder


Innate Abilities, Weirdness & Mutations

You are immune to sickness and miasma.
You are immune to poison.
Your flesh is very heat resistant. (rF++)
You are vulnerable to cold. (rC-)
You float through the air rather than walking.
You learn spells naturally, not from books.
Your magical power is your life essence.
You have superior vitality. (+4 MHP)


Message History

You miscast Magic Dart.
You are very lightly contaminated with residual magic.
Nothing appears to happen.
The magic dart hits the quokka but does no damage.
You miscast Magic Dart.
Nothing appears to happen.
The magic dart hits the quokka.
The quokka is almost dead.
The quokka barely misses you.
A quokka is nearby!
The magic dart hits the quokka.
You kill the quokka!
You can't see any susceptible monsters within range! (Use Z to cast anyway.)
Your magical contamination has completely faded away.
An iguana comes into view.
An iguana is nearby!
An iguana is nearby!
The magic dart hits the iguana but does no damage.
You can't see any susceptible monsters within range! (Use Z to cast anyway.)
You can't see any susceptible monsters within range! (Use Z to cast anyway.)
You can't see any susceptible monsters within range! (Use Z to cast anyway.)
An iguana is nearby!
The magic dart hits the iguana.
The iguana is lightly wounded.
The iguana bites you.
You miscast Magic Dart.
You are very lightly contaminated with residual magic.
Nothing appears to happen.
The iguana bites you.
The magic dart hits the iguana.
The iguana is heavily wounded.
The iguana bites you!
* * * LOW HITPOINT WARNING * * *
You are too injured to fight recklessly!
You are too injured to fight recklessly!
You are too injured to fight recklessly!
Casting: Magic Dart (safe; 4% risk of failure)
Confirm with . or Enter, or press ? or * to list all spells.
A tiny devil pulls itself out of the air.
* * * LOW HITPOINT WARNING * * *
The iguana bites you!
You die...

#####+# #......
.......
.......######..
......†@.5.....
......l##.#....
..##.#. # . ..
.. ..# ### #


You could see an iguana (ally target) and a friendly cerulean imp (summoned).

Vanquished Creatures
  An orc wizard (D:3)
  An adder (D:2)
  A worm (D:2)
  A dart slug (D:4)
  5 orcs (D:3)
  6 endoplasms
  3 giant cockroaches
  4 goblins
  4 hobgoblins
  3 jackals (D:2)
  5 quokkas
  8 ball pythons
  6 bats
  4 frilled lizards
  7 kobolds
  4 rats
63 creatures vanquished.

Notes
Turn   | Place    | Note
-------+----------+-------------------------------------------
     0 | D:1      | arglypuff the Djinni Hedge Wizard began the quest for the
                  | Orb.
     0 | D:1      | arglypuff set off with the following spells memorised:
                  | Magic Dart, Slow, Blink, Call Imp, Mephitic Cloud.
     0 | D:1      | Reached XP level 1. HP: 15/15 MP: 0/0
    41 | D:1      | You are sucked into a shaft and drop 1 floor!
    91 | D:2      | Reached XP level 2. HP: 5/21 MP: 0/0
   495 | D:1      | Reached XP level 3. HP: 24/25 MP: 0/0
   495 | D:1      | Learned a level 1 spell: Shock
   791 | D:1      | Found a faded altar of an unknown god.
  1086 | D:2      | Found Jiciguan's Book Emporium.
  1124 | D:2      | Reached XP level 4. HP: 24/31 MP: 0/0
  1351 | D:2      | Noticed Sigmund
  1461 | D:3      | Noticed Grinder
  1634 | D:3      | Reached skill level 1 in Short Blades
  1731 | D:3      | Reached XP level 5. HP: 34/36 MP: 0/0
  1731 | D:3      | Learned a level 2 spell: Poisonous Vapours
  2073 | D:4      | Slain by an iguana

Illustrated notes

Levels and vault maps discovered:
D:1:      minmay_arrival_split_and_join, layout_basic,
          ebering_ecumenical_altar_mist
D:2:      layout_basic, serial_shops, nicolae_shop_window_shopping,
          chequers_serial_rivers_room_b, minivault_24,
          kennysheep_generic_room_15, uniq_sigmund
D:3:      cheibrodos_greedy_goblins, layout_loops_ring, uniq_grinder
D:4:      layout_basic, uniq_pikel

Skill      XL: |  1  2  3  4 |
---------------+-------------+-----
Stealth        | 2 |  2.6
Dodging        | 3 |  3.4
Spellcasting   | 3 |  3.1
Conjurations   | 3 |  3.1
Hexes          | 3 |  3.1
Summonings     | 3 |  3.1
Necromancy     | 3 |  3.1
Translocations | 3 |  3.1
Transmutations | 3 |  3.1
Fire Magic     | 3 |  3.1
Ice Magic      | 3 |  3.1
Air Magic      | 3 |  3.1
Earth Magic    | 3 |  3.1
Poison Magic   | 3 |  3.1
Short Blades   | 1 |  1.2
Fighting       | |  0.4

Action                     |  1- 3 |  4- 6 || total
---------------------------+-------+-------++-------
  Melee: Dagger            |    14 |       ||    14
   Cast: Magic Dart        |    69 |    85 ||   154
         Shock             |     9 |       ||     9
         Call Imp          |       |     1 ||     1
 Armour: Robe              |     9 |    19 ||    28
  Dodge: Dodged            |    16 |    12 ||    28

Table legend: (Time is in decaauts)
 A = Elapsed time spent in this place.
 B = Non-inter-level travel time spent in this place.
 C = Inter-level travel time spent in this place.
 D = Time resting spent in this place.
 E = Time spent auto-exploring this place.
 F = Levels seen in this place.
 G = Mean time per level.
                   A        B        C        D        E       F      G
               +--------+--------+--------+--------+--------+-----+--------+
         Total |   2072 |   2000 |     72 |    114 |   1572 |   4 |  518.0 |
       Dungeon |   2072 |   2000 |     72 |    114 |   1572 |   4 |  518.0 |
               +--------+--------+--------+--------+--------+-----+--------+

Top non-repeatable levels by time:
     D:1: 806 daAuts
     D:3: 652 daAuts
     D:2: 555 daAuts
     D:4: 57 daAuts
